Map: Акрополь РВ

Players

Kula - Winner!

  • Race: Terran Terran
  • League: Platinum
  • Spawn Location: 11:00

Kilozaur

  • Race: Zerg Zerg
  • League: Platinum
  • Spawn Location: 5:00

VOD

Have the link to the VOD?

Description

Time

  • Played on: Aug. 5, 2019, 7:11 a.m.
  • Length: 18:15
Show
View Real Time Build Order
Export as new Build Order

Kula Terran - Winner!

Build Orders:  

Get SALT Encoding   

  12  0:00  SCV  
  13  0:13  SCV  
  14  0:18  Supply Depot  
  14  0:25  SCV  
  15  0:40  SCV, Barracks  
  16  0:45  Refinery  
  16  0:52  SCV  
  17  0:59  Barracks  
  17  1:04  SCV  
  18  1:16  Refinery, SCV  
  19  1:28  Orbital Command  
  19  1:48  Factory  
  19  1:55  SCV  
  19  1:57  Barracks Tech Lab  
  19  2:00  Barracks Reactor  
  20  2:08  SCV  
  20  2:09  Supply Depot  
  20  2:15  Supply Depot  
  21  2:26  SCV  
  22  2:33  Barracks Tech Lab  
  22  2:38  SCV  
  23  2:49  Command Center  
  23  2:52  SCV  
  23  2:56  Combat Shield  
  24  3:03  Marine  
  24  3:04  Marine  
  26  3:12  Marauder  
  28  3:20  Command Center  
  28  3:25  Siege Tank  
  31  3:28  Marine  
  31  3:30  Marine  
  33  3:34  SCV  
  34  3:46  Marine  
  34  3:47  SCV  
  34  3:48  Marine  
  36  3:51  Marauder  
  39  4:14  Siege Tank  
  39  4:16  Supply Depot  
  42  4:22  Command Center  
  42  4:25  SCV  
  43  4:39  SCV  
  43  4:41  Marine x2  
  43  4:42  Marauder  
  48  4:52  Siege Tank  
  51  4:53  SCV  
  52  5:05  SCV, Starport, Marine  
  54  5:08  Marine  
  55  5:15  Marauder  
  55  5:19  SCV  
  58  5:30  Siege Tank  
  58  5:31  SCV  
  62  5:37  Orbital Command  
  62  5:43  Orbital Command  
  62  5:46  SCV  
  56  5:58  SCV  
  56  5:59  Medivac  
  56  6:02  Marine x2  
  56  6:04  SCV  
  60  6:10  SCV  
  61  6:16  SCV  
  53  6:26  Marine x2  
  53  6:27  Marauder  
  53  6:29  Siege Tank  
  48  6:44  Marine x2  
  48  6:45  Medivac  
  48  6:48  Marauder  
  50  6:56  SCV x3  
  52  7:02  Marine x2  
  49  7:10  Marauder  
  49  7:15  Siege Tank  
  54  7:17  Medivac  
  54  7:19  Marine  
  54  7:20  Marine  
  57  7:24  SCV x3  
  57  7:26  Refinery  
  57  7:28  Refinery  
  60  7:31  Marauder  
  60  7:35  Barracks  
  62  7:39  Barracks  
  62  7:43  Refinery, SCV  
  62  7:44  SCV x2  
  65  7:45  Refinery  
  64  8:06  SCV x3  
  67  8:18  SCV x3  
  70  8:25  Supply Depot  
  70  8:27  Starport  
  70  8:28  Starport  
  70  8:29  Starport  
  70  8:33  SCV x2  
  72  8:35  Starport  
  72  8:37  Starport  
  72  8:39  Barracks Reactor  
  72  8:41  Barracks Reactor  
  72  8:46  Siege Tank  
  75  8:49  SCV x2  
  75  8:51  SCV  
  78  9:01  SCV x2  
  80  9:03  SCV, Marine x2  
  80  9:05  Marauder  
  80  9:09  Starport Tech Lab x3  
  85  9:10  Starport Tech Lab  
  85  9:12  Starport Tech Lab  
  85  9:13  Starport Tech Lab  
  85  9:21  SCV x3  
  88  9:35  Banshee x2  
  88  9:36  Banshee x2  
  100  9:41  Cloaking Field  
  99  9:46  Banshee  
  99  9:48  Banshee  
  99  9:59  SCV  
  101  10:00  SCV  
  101  10:08  SCV  
  101  10:10  Supply Depot  
  101  10:11  SCV  
  101  10:12  Supply Depot  
  103  10:14  Supply Depot  
  103  10:15  Fusion Core  
  103  10:18  Armory, Banshee x2  
  109  10:22  Armory  
  109  10:32  Banshee x2  
  109  10:34  Banshee  
  118  10:39  Banshee  
  118  10:41  Marine  
  118  10:42  Marine x2  
  124  10:43  Marauder, Marine x2  
  124  10:44  Marine  
  112  10:59  Marine x3  
  112  11:01  Marine x3  
  112  11:02  Orbital Command  
  103  11:04  Marauder  
  103  11:10  Banshee  
  103  11:11  Banshee  
  103  11:14  Banshee  
  103  11:17  Marine  
  100  11:22  SCV  
  100  11:23  SCV  
  95  11:29  Marine x2  
  87  11:42  SCV x3  
  89  12:06  Marine x3  
  89  12:07  Marine x3  
  89  12:08  Marauder  
  96  12:09  SCV  
  96  12:14  SCV  
  96  12:15  SCV  
  99  12:22  Viking  
  92  12:37  Viking x3  
  92  12:52  SCV x3  
  92  12:58  Terran Vehicle Weapons Level 1  
  95  12:59  Terran Vehicle And Ship Armor Level 1  
  95  13:04  SCV x3  
  98  13:06  Viking x2  
  98  13:08  Viking  
  104  13:16  SCV x3  
  104  13:18  Marine x3  
  110  13:26  Viking  
  112  13:31  Marine x4  
  116  13:36  Marine  
  111  13:55  Viking x4  
  111  14:12  Viking x2  
  111  14:13  SCV  
  111  14:14  SCV x2  
  118  14:25  Viking x3, SCV  
  125  14:38  SCV x3  
  128  14:50  SCV x2  
  127  15:08  Viking x4  
  131  15:24  Marine  
  131  15:25  Marine x4  
  131  15:26  Marine x2  
  113  15:42  Marine  
  100  15:43  Marine x5  
  100  15:44  Marauder  
  100  15:48  SCV x3  
  106  16:00  SCV x3, Marine x2  
  106  16:01  Marine x4  
  115  16:05  Marine  
  116  16:12  SCV x3  
  116  16:18  Marine x2  
  119  16:20  Marine  
  119  16:21  Marine x3  
  119  16:24  SCV x3  
  115  16:45  Thor  
  115  16:46  Banshee  
  115  16:47  Starport Tech Lab, Banshee  
  124  16:48  Banshee x3  
  124  16:50  Marine x4  
  124  16:51  Marine x3  
  143  17:07  Marine  
  143  17:08  Marine x2  
  144  17:09  Marine x3  
  144  17:10  Marine  
  144  17:22  SCV x3  
  144  17:25  Marine x2  
  144  17:26  Marine  
  144  17:27  Marine  
  146  17:34  SCV  
  143  17:50  Marine x6  
  149  17:53  Marine  
Show
View Real Time Build Order
Export as new Build Order

Kilozaur Zerg 

Build Orders: Hatch First 

Get SALT Encoding   

  12  0:01  Drone  
  13  0:12  Overlord  
  13  0:24  Drone  
  14  0:31  Drone x2  
  16  0:52  Hatchery  
  16  0:53  Extractor  
  16  0:55  Drone  
  15  0:58  Drone  
  15  1:01  Drone  
  17  1:09  Drone  
  18  1:22  Spawning Pool  
  18  1:25  Drone  
  18  1:30  Drone  
  19  1:43  Overlord  
  19  1:52  Drone  
  20  2:09  Zergling x4  
  20  2:12  Zergling x2  
  23  2:16  Drone  
  23  2:20  Metabolic Boost  
  24  2:23  Drone  
  24  2:27  Drone  
  26  2:38  Drone x2  
  28  2:51  Roach Warren  
  28  2:54  Queen  
  28  2:56  Queen  
  28  2:57  Drone  
  32  3:05  Extractor  
  31  3:17  Drone  
  31  3:18  Drone x4  
  36  3:25  Overlord  
  36  3:43  Overlord x3  
  36  3:46  Drone  
  37  3:51  Drone x2  
  39  4:04  Evolution Chamber  
  39  4:06  Roach x2  
  39  4:08  Evolution Chamber  
  41  4:15  Roach x6  
  53  4:19  Drone  
  53  4:20  Drone  
  55  4:28  Roach  
  57  4:36  Roach  
  59  4:46  Extractor  
  59  4:47  Extractor  
  59  4:48  Roach x2  
  61  4:54  Lair  
  61  4:58  Queen  
  63  5:01  Drone x4  
  63  5:02  Drone  
  63  5:07  Overlord x3  
  68  5:10  Zerg Missile Weapons Level 1  
  68  5:12  Zerg Ground Armor Level 1  
  68  5:16  Overlord  
  68  5:28  Hatchery  
  67  5:37  Roach x5  
  67  5:38  Roach  
  78  5:47  Roach x3  
  84  5:55  Roach  
  84  6:10  Drone  
  85  6:12  Zergling x6  
  85  6:13  Zergling x8  
  52  6:35  Roach  
  52  6:36  Roach x7  
  52  6:37  Roach  
  59  6:50  Zergling x4  
  61  7:04  Roach x3  
  61  7:13  Roach  
  61  7:14  Roach  
  67  7:22  Roach  
  67  7:29  Roach  
  73  7:30  Roach x4  
  69  7:45  Drone x2  
  69  7:46  Drone  
  69  7:47  Drone x3  
  69  7:52  Roach x4  
  69  7:53  Roach  
  79  8:18  Glial Reconstitution  
  79  8:22  Roach x4  
  79  8:23  Roach  
  89  8:39  Zergling x18  
  98  8:43  Overlord x4  
  98  8:55  Overlord x5  
  98  8:56  Overlord  
  98  9:02  Overlord  
  98  9:03  Roach  
  100  9:14  Roach x5  
  100  9:15  Roach x5  
  120  9:21  Spire  
  119  9:25  Roach x3  
  121  9:56  Roach  
  121  9:57  Roach x11  
  145  10:15  Overlord x4  
  140  10:41  Mutalisk  
  140  10:42  Mutalisk x5  
  120  11:05  Mutalisk  
  120  11:06  Mutalisk x2  
  90  11:28  Mutalisk  
  90  11:29  Mutalisk x2  
  90  11:30  Zergling x2  
  90  11:31  Zergling x26  
  84  11:45  Zerg Flyer Weapons Level 1  
  80  12:22  Overseer x4  
  66  12:51  Mutalisk x5  
  76  13:26  Pneumatized Carapace  
  76  13:29  Hatchery  
  75  13:40  Hatchery  
  64  14:10  Mutalisk x4  
  64  14:11  Mutalisk x3  
  64  14:14  Zergling x2  
  64  14:15  Zergling x42  
  100  14:50  Zergling x16  
  100  14:51  Zergling x2  
  64  15:36  Roach  
  64  15:37  Roach x7  
  64  16:02  Roach x3  
  66  16:11  Hydralisk Den  
  65  16:20  Zergling x2  
  65  16:21  Zergling x2  
  67  16:38  Zergling x4  
  67  16:39  Zergling x2  
  54  16:46  Drone x4  
  58  16:57  Hydralisk x3  
  61  17:17  Hydralisk  
  61  17:18  Hydralisk x5  
  62  17:42  Spore Crawler x3  
  53  17:49  Zergling x18  
Tags
 
Add a new tag
Caveats
  • Supply blocks, unpowered buildings, or Contaminate may cause inaccurate times.
  • Supply counts are checked every 10 seconds.